 Dungeon Crawl Stone Soup version 0.27-a0-1273-gec92ba881d (webtiles) character file.

Game seed: 16796031725527087761

2424 ZappyNine the Thaumaturge (level 9, 0/53 HPs)
             Began as a Deep Elf Conjurer on June 11, 2021.
             Was a Believer of Kikubaaqudgha.
             Shot with a sling bullet by Joseph (6 damage)
             ... on level 7 of the Dungeon.
             The game lasted 00:12:59 (7214 turns).

ZappyNine the Thaumaturge (Deep Elf Conjurer)       Turns: 7214, Time: 00:13:00

Health: 0/53       AC: 10    Str:  4    XL:     9   Next: 24%
Magic:  1/23       EV: 12    Int: 27    God:    Kikubaaqudgha [**....]
Gold:   356        SH:  0    Dex: 13    Spells: 11/24 levels left

rFire    . . .     SeeInvis .   m - +0 whip (elec)
rCold    . . .     Faith    .   (no shield)
rNeg     . . .     Spirit   .   l - +2 robe {Will+}
rPois    .         Reflect  .   i - +0 helmet
rElec    .         Harm     .   (no cloak)
rCorr    .         Rampage  .   f - +0 pair of gloves
Will     +....                  (no boots)
Stlth    ++........             (no amulet)
HPRegen  0.17/turn              j - +4 ring of protection
MPRegen  0.18/turn              (no ring)

@: hasted, very quick
A: no striking features
a: Renounce Religion, Receive Corpses


You were on level 7 of the Dungeon.
You worshipped Kikubaaqudgha.
Kikubaaqudgha was pleased with you.
You visited 1 branch of the dungeon, and saw 7 of its levels.

You collected 356 gold pieces.

Inventory:

Hand Weapons
 m - a +0 whip of electrocution (weapon)
Armour
 f - a +0 pair of gloves (worn)
 i - a +0 helmet (worn)
 l - a +2 robe of willpower (worn)
Jewellery
 j - a +4 ring of protection (left hand)
 p - an amulet of faith
Wands
 k - a wand of flame (18)
 u - a wand of iceblast (10)
Scrolls
 e - a scroll of fear {unknown}
 g - a scroll of noise {unknown}
 n - 2 scrolls of enchant armour {unknown}
 o - 4 scrolls of identify
 q - a scroll of magic mapping {unknown}
 t - a scroll of amnesia
Potions
 a - a potion of magic {unknown}
 b - 2 potions of curing {unknown}
 c - a potion of attraction
 h - a potion of brilliance {unknown}
 r - a potion of berserk rage {unknown}
 s - a potion of heal wounds {unknown}


   Skills:
 + Level 4.9 Fighting
 - Level 2.4 Dodging
 - Level 2.4 Stealth
 + Level 8.4 Spellcasting
 - Level 7.5 Conjurations
 - Level 5.0 Hexes
 + Level 6.3 Necromancy
 - Level 2.0 Translocations


You had 11 spell levels left.
You knew the following spells:

 Your Spells              Type           Power      Damage    Failure   Level
a - Fulminant Prism       Conj/Hex       22%        3d13      3%          4
b - Searing Ray           Conj           100%       3d7       1%          2
c - Iskenderun's Mystic   Conj/Tloc      37%        2d9       7%          4
d - Vampiric Draining     Necr           22%        2d9       1%          3

Your spell library contained the following spells:

 Spells                   Type           Power      Damage    Failure   Level
 Animate Skeleton         Necr           90%        N/A       1%          1
 Corona                   Hex            42%        N/A       1%          1
 Magic Dart               Conj           100%       1d8       1%          1
 Pain                     Necr           100%       1d9       1%          1
 Sublimation of Blood     Necr           22%        N/A       1%          2
 Confusing Touch          Hex            38%        N/A       1%          3
 Dazzling Flash           Conj/Hex       90%        N/A       1%          3
 Tukima's Dance           Hex            38%        N/A       1%          3
 Ensorcelled Hibernation  Hex/Ice        50%        N/A       2%          2


Dungeon Overview and Level Annotations

Branches:
Dungeon (7/15)             Temple (0/1) D:5

Altars:
Dithmenos
Gozag
Kikubaaqudgha
Makhleb
Vehumet
Wu Jian
Yredelemnul

Shops:
D:6 *

Annotations:
D:5 3 runed translucent doors, bande's ghost, novice GrFi
D:7 Joseph


Message History

Joseph wields a +0 spectral quarterstaff.
Joseph barely misses you.
Unknown command.
You hit Joseph.
Joseph is heavily wounded.
Joseph shouts, "You will never get the ORB!"
Joseph closely misses you.
You barely miss Joseph.
Joseph is heavily wounded.
Joseph closely misses you.
Unknown command.
Joseph hits you but does no damage.
Joseph unwields a +0 spectral quarterstaff.
Joseph wields a +0 hunting sling.
Joseph shoots a sling bullet.
The sling bullet hits you.
Joseph unwields a +0 hunting sling.
Joseph wields a +0 spectral quarterstaff.
Joseph hits you with a +0 spectral quarterstaff!
* * * LOW HITPOINT WARNING * * *
Unknown command.
Casting: Vampiric Draining (safe; 1% risk of failure)
Confirm with . or Enter, or press ? or * to list all spells.
Aiming: Vampiric Draining (safe; 1% risk of failure)
Press: ? - help, Shift-Dir - straight line, f/p - Joseph
Aim: Joseph, wielding a +0 spectral quarterstaff, wearing a +0 ring mail and quivering sling bullets (heavily wounded)
You draw life force from Joseph!
You feel life coursing into your body! Joseph barely misses you.
Unknown command.
Unknown command.
You feel yourself speed up. Joseph barely misses you.
The orc barely misses you.
Unknown command.
Joseph unwields a +0 spectral quarterstaff.
Joseph wields a +0 hunting sling.
Joseph shoots a sling bullet.
The sling bullet hits you!
* * * LOW HITPOINT WARNING * * *
Joseph says, "You must be punished!
Or...
I want to punish you!"
Joseph shoots a sling bullet.
The sling bullet hits you.
You die...
Kikubaaqudgha rasps: "You have failed me!
Welcome... death!"

#.## ..##
.#.......#..##...#
....._.. ...#....
#.....! #......
#..... #.#..# .. ....
#.#..#
#..####.####....#
........o@.....#
.......†.####@.#
......#...###..### .#
......?..........#..#
.....#####.#...#....#
....#####.........#.#
##. ..........###...[
# ##.......#####...
#...............
#....<..########


You could see Joseph and an orc.

Vanquished Creatures
  Grinder (D:5)
  Sigmund (D:2)
  A vampire (D:4)
  3 vampire mosquitoes (D:7)
  Menkaure (D:6)
  Duvessa (D:6)
  2 ogres
  A necrophage (D:4)
  A phantom (D:4)
  A kobold brigand (D:6)
  A gnoll sergeant (D:5)
  Dowan (D:6)
  2 water moccasin zombies (D:5)
  A water moccasin skeleton (D:4)
  A howler monkey (D:6)
  A bullfrog skeleton (D:4)
  2 hounds
  A gnoll shaman (D:6)
  2 orc priests (D:6)
  Jessica (D:3)
  An orc wizard (D:6)
  Robin (D:2)
  19 gnolls
  2 howler monkey skeletons (D:4)
  6 adders
  A white imp (D:5)
  An ufetubus (D:5)
  2 adder skeletons (D:4)
  4 worms (D:2)
  3 dart slugs
  9 orcs
  5 endoplasms
  16 goblins
  8 hobgoblins
  13 jackals
  2 quokkas (D:1)
  6 ball pythons
  3 bats
  4 frilled lizards
  7 kobolds
  7 rats
146 creatures vanquished.

Vanquished Creatures (others)
  9 fulminant prisms
9 creatures vanquished.

Grand Total: 155 creatures vanquished

Notes
Turn   | Place    | Note
-------+----------+-------------------------------------------
     0 | D:1      | ZappyNine the Deep Elf Conjurer began the quest for the
                  | Orb.
     0 | D:1      | Reached XP level 1. HP: 10/10 MP: 6/6
   520 | D:1      | Reached XP level 2. HP: 16/16 MP: 0/8
   785 | D:1      | Learned a level 2 spell: Searing Ray
   939 | D:1      | Reached skill level 1 in Fighting
  1419 | D:2      | Noticed Robin
  1421 | D:2      | Reached XP level 3. HP: 20/20 MP: 7/10
  1682 | D:2      | Killed Robin
  1845 | D:2      | Reached skill level 4 in Spellcasting
  1900 | D:2      | Reached skill level 5 in Conjurations
  1978 | D:2      | Noticed Sigmund
  1982 | D:2      | Killed Sigmund
  1983 | D:2      | Reached skill level 5 in Spellcasting
  1983 | D:2      | Reached XP level 4. HP: 13/27 MP: 7/13
  1983 | D:2      | Reached XP level 5. HP: 15/31 MP: 7/14
  2248 | D:2      | Found a faded altar of an unknown god.
  2469 | D:2      | Learned a level 4 spell: Iskenderun's Mystic Blast
  2828 | D:2      | Reached XP level 6. HP: 34/36 MP: 12/16
  3034 | D:3      | Noticed Jessica
  3039 | D:3      | Killed Jessica
  3040 | D:3      | Reached skill level 1 in Translocations
  3095 | D:3      | Found a basalt altar of Yredelemnul.
  4015 | D:4      | Found an ancient bone altar of Kikubaaqudgha.
  4057 | D:4      | Became a worshipper of Kikubaaqudgha
  4411 | D:4      | Learned a level 4 spell: Fulminant Prism
  4421 | D:4      | Reached skill level 6 in Spellcasting
  4421 | D:4      | Reached XP level 7. HP: 41/41 MP: 7/18
  4959 | D:5      | Entered Level 5 of the Dungeon
  4980 | D:5      | Noticed a vampire
  4999 | D:4      | Killed a vampire
  5000 | D:4      | Reached skill level 7 in Spellcasting
  5436 | D:5      | Reached * piety under Kikubaaqudgha
  5436 | D:5      | Identified Kikubaaqudgha's Catalogue of Sinister Arts
                  | (Kikubaaqudgha gifted it to you on level 5 of the Dungeon)
  5436 | D:5      | Received a gift from Kikubaaqudgha
  5437 | D:5      | Reached XP level 8. HP: 43/48 MP: 20/20
  5521 | D:5      | Found a runed translucent gate.
  5521 | D:5      | Found an opulent altar of Gozag.
  5522 | D:5      | Found a runed translucent gate.
  5522 | D:5      | Found a runed translucent gate.
  5523 | D:5      | Noticed bande's ghost (novice GrFi)
  5709 | D:5      | Noticed Grinder
  5717 | D:5      | Killed Grinder
  5722 | D:5      | Learned a level 3 spell: Vampiric Draining
  5854 | D:5      | Found a shadowy altar of Dithmenos.
  5933 | D:5      | Found a staircase to the Ecumenical Temple.
  5941 | D:5      | Reached skill level 1 in Hexes
  6362 | D:6      | Noticed Duvessa
  6363 | D:6      | Noticed Dowan
  6368 | D:6      | Killed Duvessa
  6368 | D:6      | Killed Dowan
  6381 | D:6      | Reached skill level 5 in Necromancy
  6521 | D:6      | Reached skill level 5 in Hexes
  6845 | D:6      | Found an opulent altar of Gozag.
  6923 | D:6      | Found a burning altar of Makhleb.
  6924 | D:6      | Found Gemathus's Lightly-Used Armoury.
  7071 | D:6      | Noticed Menkaure
  7075 | D:6      | Killed Menkaure
  7076 | D:6      | Reached XP level 9. HP: 45/52 MP: 17/22
  7161 | D:6      | Found a radiant altar of Vehumet.
  7189 | D:7      | Found an ornate altar of the Wu Jian Council.
  7194 | D:7      | Reached skill level 8 in Spellcasting
  7198 | D:7      | Noticed Joseph
  7199 | D:7      | Reached ** piety under Kikubaaqudgha
  7214 | D:7      | Shot with a sling bullet by Joseph

Illustrated notes

Levels and vault maps discovered:
D:1:      shiori_arrival_maze, layout_rooms, serial_bayou_pond_e
D:2:      layout_basic, hellmonk_ecumenical_altar_dog_temple, uniq_robin,
          uniq_sigmund
D:3:      layout_loops_ring, nicolae_overflow_crystal_walls, uniq_jessica
D:4:      layout_loops_ring, lemuel_crystal_altar
D:5:      layout_loops_ring, kennysheep_mini_moat, minmay_temple_entry_fiery,
          ebering_ghost_gozag, lightli_minifort, uniq_grinder
D:6:      layout_cave_pools, bloody_makhleb, nicolae_gozag_seed_capital,
          general_overflow_altar, minmay_shop_damaged, uniq_menkaure,
          uniq_duvessa
D:7:      layout_rooms, amcnicky_altar_gilded, old_standard_altar,
          gammafunk_ghost_berserking_beasts, uniq_joseph, uniq_maggie

Skill      XL: |  1  2  3  4  5  6  7  8  9 |
---------------+----------------------------+-----
Fighting       | 1 2 3 4 |  4.9
Spellcasting   | 5 6 7 8 |  8.4
Conjurations   | 5 6 7 |  7.5
Translocations | 2 |  2.0
Necromancy     | 5 6 |  6.3
Hexes          | 5 |  5.0
Dodging        | |  2.4
Stealth        | |  2.4

Action                   |  1- 3 |  4- 6 |  7- 9 || total
-------------------------+-------+-------+-------++-------
Melee: Unarmed           |    14 |       |       ||    14
       Dagger            |     8 |       |       ||     8
       Whip              |       |   102 |   106 ||   208
       Scythe            |       |     6 |       ||     6
 Cast: Magic Dart        |    16 |       |       ||    16
       Searing Ray       |    17 |    21 |    20 ||    58
       Fulminant Prism   |       |     1 |     8 ||     9
       Iskenderun's Myst |       |     1 |     9 ||    10
       Vampiric Draining |       |       |     4 ||     4
  Use: Scroll            |       |     4 |     1 ||     5
       Potion            |       |       |     2 ||     2
 Stab: Sleeping          |       |     2 |     2 ||     4
Armor: Robe              |     8 |    49 |    61 ||   118
Dodge: Dodged            |    28 |    91 |   103 ||   222

Table legend: (Time is in decaauts)
 A = Elapsed time spent in this place.
 B = Non-inter-level travel time spent in this place.
 C = Inter-level travel time spent in this place.
 D = Time resting spent in this place.
 E = Time spent auto-exploring this place.
 F = Levels seen in this place.
 G = Mean time per level.
                   A        B        C        D        E       F      G
               +--------+--------+--------+--------+--------+-----+--------+
         Total |   7220 |   7104 |    116 |   1046 |   5037 |   7 | 1031.4 |
       Dungeon |   7220 |   7104 |    116 |   1046 |   5037 |   7 | 1031.4 |
               +--------+--------+--------+--------+--------+-----+--------+

Top non-repeatable levels by time:
     D:1: 1669 daAuts
     D:2: 1372 daAuts
     D:4: 1274 daAuts
     D:5: 1193 daAuts
     D:3: 865 daAuts
     D:6: 799 daAuts
     D:7: 46 daAuts
